[Event "Austrian Championship 2022"]
[Site "Vienna"]
[Date "2022.08.15"]
[Round "5.4"]
[White "Mayrhuber, Tobias"]
[Black "Oberhuber, Alexander"]
[Result "0-1"]
[ECO "B22"]
[WhiteElo "2010"]
[BlackElo "2062"]
[Annotator "NA RC"]
[PlyCount "104"]
[EventDate "2022.08.12"]
[EventType "swiss"]
[EventCountry "AUT"]
[SourceTitle "playchess.com"]
[Source "ChessBase"]
[SourceQuality "1"]
[TimeControl "40/5400+30:1800+30"]

1. e4 c5 2. c3 d5 3. exd5 Qxd5 4. d4 e5 5. Be3 cxd4 6. cxd4 Nf6 7. Nc3 Bb4 8. Nf3 Nc6 9. dxe5 Nxe5 10. Qa4+ Nc6 11. Bb5 O-O 12. O-O Bxc3 13. bxc3 Bd7 14. Rad1 Qh5 15. Be2 Rfe8 16. Qb5 Qxb5 17. Bxb5 a6 18. Be2 Na5 19. Rfe1 Rac8 20. Bb6 Nc4 21. Bxc4 Rxe1+ 22. Rxe1 Rxc4 23. Bd4 Be6 24. Rb1 b5 25. a3 Ne4 26. Rc1 f6 27. Kf1 Kf7 28. Ke2 Bg4 29. Kd3 Bxf3 30. gxf3 Ng5 31. f4 Ne6 32. Re1 f5 33. Re5 g6 34. Be3 Nxf4+ 35. Bxf4 Rxf4 36. Rc5 Ra4 37. Rc7+ Kf6 38. Rxh7 Rxa3 39. h4 b4 40. h5 Rxc3+ 41. Kd2 Rh3 42. Ra7 Rxh5 43. Rxa6+ Kg5 44. f4+ Kxf4 45. Rxg6 Rh2+ 46. Kd3 Rh3+ 47. Kc4 b3 48. Rb6 Ke5 49. Rxb3 Rxb3 50. Kxb3 Kd4 51. Kc2 Ke3 52. Kd1 Kf2 0-1

[Event "Austrian Championship 2022"]
[Site "Vienna"]
[Date "2022.08.15"]
[Round "5.5"]
[White "Diermair, Andreas"]
[Black "Marakovits, Nico"]
[Result "1-0"]
[ECO "D37"]
[WhiteElo "2452"]
[BlackElo "2259"]
[Annotator "TA"]
[PlyCount "85"]
[EventDate "2022.08.12"]
[EventType "swiss"]
[EventCountry "AUT"]
[SourceTitle "playchess.com"]
[Source "ChessBase"]
[SourceQuality "1"]
[TimeControl "40/5400+30:1800+30"]

1. c4 Nf6 2. Nf3 e6 3. Nc3 d5 4. d4 Be7 5. Bf4 c6 6. e3 Nbd7 7. h3 O-O 8. Rc1 Re8 {[%emt 0:04:26] D37: Queen's Gambit Declined: 5 Bf4.} (8... c5 $11) 9. a3 $14 a5 {[%emt 0:13:55] [#]} 10. Bh2 $146 ({Predecessor:} 10. g4 dxc4 11. Bxc4 Nb6 12. Bd3 Nbd5 13. Bh2 Nxc3 14. Rxc3 Nd5 15. Rc1 Bd6 16. Bxd6 Qxd6 {1-0 (28) Pultorak,J (1908)-Chapman,N (1789) Brno 2013}) 10... Nf8 (10... dxc4 $11 11. Bxc4 b5) 11. c5 N8d7 (11... N6d7 $11) 12. Na4 $16 b6 13. cxb6 Nxb6 14. Nc5 ({Better is} 14. Ne5 $16 Nxa4 15. Qxa4) 14... Nbd7 $1 $11 15. Na4 (15. Nxd7 $11 Bxd7 16. Bd3) 15... Nb6 $16 16. Rxc6 Bd7 {[%emt 0:01:03] [#]} 17. Nxb6 $1 {[%emt 0:01:24] White is more active.} Bxc6 18. Nxa8 Qxa8 19. Bd3 $36 {[%emt 0:00:29][%mdl 2048] Keeping Black busy.} Qb7 20. Qe2 Ne4 21. O-O Bd6 22. Bxd6 Nxd6 23. Rc1 {[%emt 0:02:52] Against Nc4} g6 (23... Rb8 $16 24. b3 Bb5) 24. Rc5 Ra8 25. h4 Ne4 (25... Be8 $16 26. Ne5 a4) 26. Bxe4 $18 dxe4 27. Ne5 Bd5 28. Qc2 Rb8 $2 {[%emt 0:01:41] [#]} (28... Ra7 29. h5 Kg7) 29. Rxa5 (29. Rc7 $142 Qb5 30. Nxf7) 29... Qxb2 30. Qc7 Qb7 31. Ra7 {[%emt 0:05:51] Dancing on a razor blade.} Qxc7 32. Rxc7 {[%emt 0:00:03][%mdl 4096] Endgame KRB-KRN} Rb1+ 33. Kh2 Rb7 $2 (33... f5 {keeps fighting.} 34. Kg3 Rb2) 34. Rxb7 {[%emt 0:00:31] White is clearly winning.} Bxb7 {[%emt 0:00:05] KB-KN} 35. g4 f6 36. Nd7 Kf7 37. g5 fxg5 38. hxg5 Ke7 39. Ne5 Kd6 40. Kg3 Ba6 41. Kf4 Bb7 42. Ng4 Ke7 43. Ke5 {[%emt 0:00:31] Weighted Error Value: White=0.22 (precise) /Black=0.59} 1-0

[Event "Austrian Championship 2022"]
[Site "Vienna"]
[Date "2022.08.15"]
[Round "5.5"]
[White "Wiedermann, Daniel"]
[Black "Ivanyk, Igor"]
[Result "0-1"]
[ECO "E20"]
[WhiteElo "2053"]
[BlackElo "2002"]
[Annotator "NA RC"]
[PlyCount "92"]
[EventDate "2022.08.12"]
[EventType "swiss"]
[EventCountry "AUT"]
[SourceTitle "playchess.com"]
[Source "ChessBase"]
[SourceQuality "1"]
[TimeControl "40/5400+30:1800+30"]

1. d4 Nf6 2. c4 e6 3. Nc3 Bb4 4. f3 c5 5. d5 d6 6. e4 b5 7. Nge2 bxc4 8. Nf4 e5 9. Nfe2 Nbd7 10. Ng3 Nb6 11. Be2 O-O 12. O-O Ne8 13. Qc2 Bd7 14. f4 a6 15. f5 f6 16. Bh5 Nc7 17. Qe2 Nb5 18. Bg6 Be8 19. Bxe8 Qxe8 20. Nxb5 axb5 21. Qg4 Kh8 22. Rf3 Rf7 23. Nh5 Rfa7 24. a3 Qf7 25. Rh3 c3 26. Qh4 cxb2 27. Bxb2 Bd2 28. Nf4 h6 29. Ne6 Nc4 30. Bc1 Bxc1 31. Rxc1 Rxa3 32. Rxa3 Rxa3 33. g4 Nd2 34. Qf2 Nxe4 35. Qe2 Nc3 36. Qb2 b4 37. Qd2 Ra2 38. Rc2 Qa7 39. Rxa2 Qxa2 40. Qxa2 Nxa2 41. Nxc5 Nc3 42. Nb3 Nxd5 43. Kf2 Nf4 44. Ke3 h5 45. gxh5 Kh7 46. Ke4 Kh6 0-1

[Event "Austrian Championship 2022"]
[Site "Vienna"]
[Date "2022.08.15"]
[Round "5.6"]
[White "Schwabeneder, Florian"]
[Black "Froewis, Annika"]
[Result "0-1"]
[ECO "D36"]
[WhiteElo "2430"]
[BlackElo "2044"]
[Annotator "TA"]
[PlyCount "90"]
[EventDate "2022.08.12"]
[EventType "swiss"]
[EventCountry "AUT"]
[SourceTitle "playchess.com"]
[Source "ChessBase"]
[SourceQuality "1"]
[TimeControl "40/5400+30:1800+30"]

1. d4 d5 2. c4 e6 3. Nc3 Nf6 4. cxd5 exd5 5. Bg5 Be7 6. e3 c6 7. Bd3 Nbd7 8. Qc2 Nf8 {[%emt 0:00:18] Recently 8...Nh5 got a lot of attention.} 9. Nf3 Nh5 {[%emt 0:06:59] D36: Queen's Gambit Declined: Exchange Variation: Main line (5 Bg5 c6 6 Qc2).} 10. Bxe7 Qxe7 11. O-O-O (11. O-O $16) 11... Be6 {[%emt 0:06:42] White is slightly better.} 12. Kb1 g6 {[%emt 0:13:14] [#]} 13. h3 $146 ({Predecessor:} 13. Rhe1 f5 14. Ne5 Nd7 15. Nxd7 Qxd7 16. Ne2 Nf6 17. f3 O-O-O 18. h3 Kb8 19. Nf4 {½-½ (50) Serper,G (2546)-Shen,S (2232) Minneapolis 2005}) 13... Nd7 14. Rhe1 Nb6 15. g4 Nf6 16. Ne5 Nfd7 17. Nxd7 Qxd7 18. f4 (18. a4 $5 ) 18... f5 19. gxf5 gxf5 (19... Bxf5 $11 20. Bxf5 gxf5) 20. b3 O-O-O 21. Rg1 Rhg8 22. Rg5 Rdf8 23. Rdg1 Rxg5 24. Rxg5 Kb8 25. Ne2 Nc8 26. Ng1 Nd6 27. Nf3 Qc7 28. Ne5 Rc8 29. Qc3 Ka8 30. h4 Rg8 31. Qc5 Rc8 32. h5 b6 33. Qc2 {[%emt 0:01:54] [#] Threatens to win with h6.} c5 34. h6 (34. Ba6 $16 Re8 35. h6) 34... Qd8 ({Black should play} 34... cxd4 $1 $14 35. Qxc7 (35. exd4 Qd8 $11) 35... Rxc7) 35. Ba6 Rc7 36. Rg7 Ne8 37. Nc6 $2 {[%emt 0:01:12][%mdl 8192] Now White is beyond hope.} Qd6 $19 38. Ne5 ({Much worse is} 38. Rxc7 Nxc7 39. dxc5 Qxc6 $19) 38... Nxg7 39. hxg7 Rxg7 40. Qh2 $2 (40. Be2) 40... cxd4 {[%emt 0:00:55] Black is clearly winning.} 41. exd4 Qb4 42. Qf2 Qc3 {[%emt 0:04:43] [#] Against Qe3. And now ...Rc7 would win.} 43. Nd3 Qa5 44. Qc2 Qxa6 45. Qc6+ Kb8 {[%emt 0:02:14] Weighted Error Value: White=0.62/Black=0.14 (very precise)} 0-1

[Event "Austrian Championship 2022"]
[Site "Vienna"]
[Date "2022.08.15"]
[Round "5.6"]
[White "Miazhynski, Michael"]
[Black "Spiesberger, Gerhard"]
[Result "1/2-1/2"]
[ECO "B01"]
[WhiteElo "1994"]
[BlackElo "1972"]
[Annotator "NA RC"]
[PlyCount "65"]
[EventDate "2022.08.12"]
[EventType "swiss"]
[EventCountry "AUT"]
[SourceTitle "playchess.com"]
[Source "ChessBase"]
[SourceQuality "1"]
[TimeControl "40/5400+30:1800+30"]

1. e4 d5 2. exd5 Qxd5 3. Nf3 Nc6 4. Be2 e5 5. O-O f6 6. Re1 Bd7 7. d4 O-O-O 8. c4 Qa5 9. d5 Bg4 10. Nxe5 Nxe5 11. Bxg4+ Kb8 12. Be2 Bc5 13. Nc3 Nh6 14. Qc2 Nhg4 15. Rf1 Rhe8 16. h3 Nxf2 17. Rxf2 Bxf2+ 18. Kxf2 Nxc4 19. Kg1 Qc5+ 20. Kh1 Qf2 21. Ne4 Qe1+ 22. Kh2 Ne3 23. Bxe3 Qxa1 24. Bf4 Re5 25. Nc5 Qxa2 26. Bxe5 fxe5 27. Nxb7 Kxb7 28. Qc6+ Kb8 29. Qb5+ Ka8 30. Bc4 Qa1 31. Qc6+ Kb8 32. Qb5+ Ka8 33. Qc6+ 1/2-1/2

[Event "Austrian Championship 2022"]
[Site "Vienna"]
[Date "2022.08.15"]
[Round "5.7"]
[White "Morgunov, Marc"]
[Black "Kilgus, Georg"]
[Result "1-0"]
[ECO "C78"]
[WhiteElo "2376"]
[BlackElo "2386"]
[Annotator "TA"]
[PlyCount "73"]
[EventDate "2022.08.12"]
[EventType "swiss"]
[EventCountry "AUT"]
[SourceTitle "playchess.com"]
[Source "ChessBase"]
[SourceQuality "1"]
[TimeControl "40/5400+30:1800+30"]

1. e4 e5 2. Nf3 Nc6 3. Bb5 a6 4. Ba4 Nf6 5. O-O b5 6. Bb3 Bb7 7. Re1 Bc5 8. c3 d6 9. d4 Bb6 10. a4 O-O 11. Bg5 h6 12. Bh4 Re8 {[%emt 0:00:48] C78: Ruy Lopez: Archangelsk and Möller Defences.} 13. d5 Na5 14. Bc2 c6 {[%emt 0:28:57] White is slightly better.} 15. dxc6 Bxc6 16. Na3 g5 17. Bg3 {[%emt 0:03:45] [#]} bxa4 $146 ({Predecessor:} 17... Nb7 18. b4 Qd7 19. axb5 axb5 20. c4 bxc4 21. Nxc4 Rxa1 22. Qxa1 Bc7 23. Ne3 Nh5 {1-0 (46) Fyhn,K (2353)-Lylloff,K (2006) Denmark 2002}) 18. Bxa4 Qd7 19. Bc2 Nb7 20. Nc4 Bc7 (20... Ba7 $142) 21. b4 a5 22. Ne3 axb4 (22... Bxe4 $2 23. Bxe4 Nxe4 24. Nd5 $18) 23. Rxa8 Rxa8 24. cxb4 {[%emt 0:00:04] aiming for Nf5.} Nd8 (24... Kf8 $142 25. Nf5 Nxe4) 25. Nf5 $18 Kh7 26. h4 Ne6 27. hxg5 hxg5 28. Qd2 Kg6 29. Bb3 ({White should play} 29. Qc1 $18) 29... Nf4 30. Bxf4 {[%emt 0:00:17] White is more active.} exf4 {[%emt 0:01:32][%mdl 8192] Black cannot hold the game after this.} (30... gxf4 $16 31. Qc2 Ra3) 31. Bc2 Ra2 $2 (31... Ba4 32. Bb1 Re8) 32. N5d4 {[%emt 0:05:42] [#] Threatens to win with e5+. Pair of Knights!} Ba4 33. e5+ Bxc2 34. exf6 Qa4 35. Qc3 ({Inferior is} 35. Re7 Be4 36. Qc3 Qd1+ 37. Ne1 Bd5 38. Rxc7 Rd2 $17) 35... Bb6 (35... Bd8 36. Qc8 Qa8) 36. Qc8 {[%emt 0:00:55] [#] White wants to mate with Qg8+.} Kxf6 37. Qg8 {[%emt 0:00:27] Weighted Error Value: White=0.11 (very precise) /Black=0.72} 1-0

[Event "Austrian Championship 2022"]
[Site "Vienna"]
[Date "2022.08.15"]
[Round "5.7"]
[White "Geroe, Leonhard"]
[Black "Stadlinger, Lea"]
[Result "1-0"]
[ECO "D36"]
[WhiteElo "2017"]
[BlackElo "1723"]
[Annotator "NA RC"]
[PlyCount "71"]
[EventDate "2022.08.12"]
[EventType "swiss"]
[EventCountry "AUT"]
[SourceTitle "playchess.com"]
[Source "ChessBase"]
[SourceQuality "1"]
[TimeControl "40/5400+30:1800+30"]

1. d4 d5 2. c4 e6 3. Nc3 Nf6 4. cxd5 exd5 5. Bg5 Be7 6. e3 O-O 7. Bd3 c6 8. Qc2 Nbd7 9. Nge2 h6 10. Bh4 Re8 11. O-O Ne4 12. Bxe7 Qxe7 13. Bxe4 dxe4 14. Rfd1 Nf6 15. d5 cxd5 16. Nxd5 Nxd5 17. Rxd5 Bd7 18. Qd2 Bc6 19. Rd4 Rad8 20. Rc1 Bb5 21. Nc3 Bd3 22. Nd5 Qg5 23. f4 Qxd5 24. Rxd5 Rxd5 25. Rc7 Re6 26. Qc3 Ba6 27. Qc2 Bd3 28. Qc1 Red6 29. Rc8+ Kh7 30. Rc5 Rxc5 31. Qxc5 Rc6 32. Qf5+ Kg8 33. h3 Rc1+ 34. Kh2 Rc2 35. Qe5 Bf1 36. Qe8+ 1-0

[Event "Austrian Championship 2022"]
[Site "Vienna"]
[Date "2022.08.15"]
[Round "5.8"]
[White "Sadilek, Peter"]
[Black "Kruckenhauser, Arthur"]
[Result "0-1"]
[ECO "E01"]
[WhiteElo "2330"]
[BlackElo "2303"]
[Annotator "TA"]
[PlyCount "124"]
[EventDate "2022.08.12"]
[EventType "swiss"]
[EventCountry "AUT"]
[SourceTitle "playchess.com"]
[Source "ChessBase"]
[SourceQuality "1"]
[TimeControl "40/5400+30:1800+30"]

1. Nf3 d5 2. d4 e6 3. c4 c6 4. Nc3 dxc4 5. g3 Nf6 6. Bg2 Nbd7 7. O-O Be7 8. e4 {[%emt 0:00:00] The main line 8.e4 scores better than 8.a4. E01: Catalan: Early deviations.} b5 9. d5 $1 exd5 (9... b4 $14 10. dxe6 fxe6) 10. exd5 $16 {[%emt 0:00:00] White is better.} cxd5 11. Nxd5 Nxd5 12. Qxd5 Nb6 13. Qxb5+ (13. Qxd8+ $18 {is the precise move to win.} Bxd8 14. Nd4) 13... Bd7 14. Qh5 {[%emt 0:00:00] [#] And now Ng5 would win.} O-O $146 (14... g6 $2 15. Qh6 Be6 16. Bg5 $18) ({Predecessor:} 14... Rc8 15. Ne5 Be6 16. Bc6+ Kf8 17. Rd1 Bd6 18. Bf4 Kg8 19. Rd2 g6 20. Qd1 {1-0 (20) Matys,J (1772)-Kovar,J (1885) Ricany 2019}) 15. Ne5 Rc8 $1 16. Be3 {[%emt 0:00:00] Inhibits Rc5.} Bf6 ({Black should play} 16... Qc7 $14) 17. Nxd7 (17. Be4 $2 g6 18. Nxf7 (18. Bxb6 $2 axb6 19. Qe2 Bxe5 $19) 18... Rxf7 $19) 17... Nxd7 18. Rad1 Qe7 {[%emt 0:09:17] [#]} (18... Qc7 $1 $14) 19. Bh3 $1 {[%emt 0:00:00] A strong pair of Bishops.} Rfd8 20. Bxa7 (20. Qb5 $16 Rb8 21. Qxc4) 20... Ra8 $1 $11 (20... Bxb2 $2 21. Qb5 (21. Rfe1 Ne5 $16) 21... Nf8 22. Rxd8 (22. Qxb2 Qxa7 23. Bxc8 Rxc8 $18) (22. Bxc8 Rxc8 23. Qxb2 Qxa7 $18) 22... Rxd8 23. Bb6 $18 (23. Qxb2 Qxa7 24. Rc1 c3 $11)) 21. Be3 Rxa2 22. Qb5 Ne5 23. Bc5 Qe8 24. Rxd8 Qxd8 25. Ba3 h6 (25... c3 $11 26. Bg2 cxb2) 26. Bg2 $1 $14 {[%emt 0:00:44] Hoping for Bd5.} ({Reject} 26. f4 Nd3 27. Qxc4 Qd4+ 28. Qxd4 Bxd4+ 29. Kh1 Nxb2 30. Bxb2 Rxb2 $11) 26... Qd7 (26... c3 $1 $14) 27. Qb8+ Kh7 $1 28. Be4+ g6 29. Kg2 (29. Qb4 $11) 29... Nd3 $15 30. h4 Bxb2 {[%emt 0:00:55] Black is more active.} 31. Bxb2 (31. Qd6 $17 {keeps fighting.} Qe8 32. Bxd3 Rxa3 33. Bc2) 31... Rxb2 $19 {[%emt 0:00:03] Chess con chili.} 32. Qf8 (32. Qa8 $17) 32... Qa7 33. h5 Rxf2+ 34. Rxf2 Qxf2+ {[%emt 0:00:05][%mdl 4096] Endgame KQB-KQN} 35. Kh3 Qf1+ 36. Kh2 {[%emt 0:00:53] White wants to mate with hxg6+.} Qe2+ 37. Kg1 Qf2+ ({And not} 37... Qxe4 38. Qxf7+ Kh8 39. Qf8+ Kh7 40. Qf7+ Kh8 41. Qf8+ Kh7 42. Qf7+ $11) 38. Kh1 Qf1+ $2 (38... Qe1+ $19 39. Kh2 Qf2+ 40. Kh3 Qf1+ 41. Kh2 Qf2+ 42. Kh3) 39. Kh2 $11 {[%emt 0:00:05] Threatening mate with hxg6+.} Qf2+ 40. Kh1 $2 (40. Kh3 $11 {and White stays safe.}) 40... Ne5 $2 (40... Qe1+ $19 41. Kh2 Qf2+ 42. Kh3 Qf1+ 43. Kh2) 41. hxg6+ Nxg6 42. Bxg6+ Kxg6 {[%emt 0:00:05] KQ-KQ} 43. Qg8+ Kf6 44. Qh8+ Ke6 45. Qe8+ $2 {[%emt 0:00:29][%mdl 8192] Black keeps a firm grip on the game.} (45. Qc8+ $15 Kd6 46. Qa6+ Kd5 47. Qb7+ Kd6 48. Qa6+ Ke7 49. Qxc4) 45... Kd6 $19 {[%emt 0:01:52] aiming for ...c3.} 46. Qb8+ Kc6 47. Qa8+ Kb5 {[%emt 0:00:19] Threatens to win with ...c3.} 48. Qb7+ Ka4 {[%emt 0:00:51] White must now prevent ...c3.} 49. Qa6+ Kb3 50. Qb5+ Kc3 51. Qa5+ Kd3 52. Qd5+ Qd4 {[%emt 0:00:10] Black mates.} 53. Qxf7 c3 54. Qf1+ Kd2 55. Qg2+ Kc1 56. Qa8 c2 57. Kh2 Kd1 58. Qh1+ Ke2 59. Kh3 Qd7+ 60. g4 Qd3+ 61. Kh4 Qf3 62. Qc1 Qf6+ {[%emt 0:00:00] Weighted Error Value: White=0.66/Black=0.25 (precise)} 0-1

[Event "Austrian Championship 2022"]
[Site "Vienna"]
[Date "2022.08.15"]
[Round "5.9"]
[White "Steindl, Johannes"]
[Black "Sadilek, Maximilian"]
[Result "1/2-1/2"]
[ECO "C07"]
[WhiteElo "2312"]
[BlackElo "2230"]
[Annotator "TA"]
[PlyCount "32"]
[EventDate "2022.08.12"]
[EventType "swiss"]
[EventCountry "AUT"]
[SourceTitle "playchess.com"]
[Source "ChessBase"]
[SourceQuality "1"]
[TimeControl "40/5400+30:1800+30"]

1. e4 e6 2. d4 d5 3. Nd2 c5 4. Ngf3 cxd4 5. exd5 Qxd5 6. Bc4 Qd6 7. O-O Nf6 8. Nb3 Nc6 9. Nbxd4 Nxd4 10. Qxd4 Qxd4 11. Nxd4 {[%emt 0:00:08] [#]} {Predecessor:} Bd7 $146 {C07: French Tarrasch: 3...c5, 4 Ngf3 and 4 exd5 Qxd5.} 12. Bf4 Rc8 13. Be2 Bc5 14. Nb3 Be7 15. c3 O-O 16. Rfd1 Ba4 {½-½ (16) Grandelius,N (2670)-Vachier Lagrave,M (2760) Chalons en Champagne 2021} 1/2-1/2

[Event "Austrian Championship 2022"]
[Site "Vienna"]
[Date "2022.08.15"]
[Round "5.10"]
[White "Schernthaner, David"]
[Black "Teuschler, Barbara"]
[Result "1-0"]
[ECO "D22"]
[WhiteElo "2319"]
[BlackElo "2097"]
[Annotator "TA"]
[PlyCount "51"]
[EventDate "2022.08.12"]
[EventType "swiss"]
[EventCountry "AUT"]
[SourceTitle "playchess.com"]
[Source "ChessBase"]
[SourceQuality "1"]
[TimeControl "40/5400+30:1800+30"]

1. d4 d5 2. c4 dxc4 3. Nf3 Nf6 4. e3 Bg4 5. Bxc4 e6 6. h3 Bh5 7. Nc3 a6 8. O-O Nc6 9. Be2 {[%emt 0:02:49] 9.Re1 injects fresh life into this line.} Bd6 10. a3 O-O {[%emt 0:00:19] D22: Queen's Gambit Accepted: 3 Nf3 a6 4 e3.} 11. Qc2 {[%emt 0:04:11] [#]} Qe8 $146 ({Predecessor:} 11... Qe7 12. Rd1 Rad8 13. b4 e5 14. d5 Nb8 15. e4 Bxf3 16. Bxf3 h6 17. Be3 c6 18. dxc6 Nxc6 {½-½ (34) Koloditsova,R (1937)-Jakubek,P (2116) Topolcany 2021}) 12. Ng5 {[%emt 0:09:05] [#] And now Bxh5 would win.} Bxe2 {[%emt 0:05:13] The position is equal.} 13. Qxe2 e5 14. d5 Ne7 15. e4 c6 (15... h6 $5 16. Nf3 c6 $11) 16. dxc6 Nxc6 17. Nd5 Nxd5 18. exd5 Nd4 19. Qh5 h6 20. Ne4 Bc7 21. Nf6+ $40 {[%emt 0:25:52][%mdl 128] White is up to no good.} gxf6 22. Bxh6 {[%emt 0:00:04] White wants to mate with Qg4+.} Qd7 {[%emt 0:00:12] aiming for ...Rfc8.} 23. Rac1 $1 Rfc8 $1 {[%emt 0:17:11] Hoping for ...Qf5.} 24. Rc3 {[%emt 0:04:49] Intending Rg3+ and mate.} Qf5 $2 {[%emt 0:00:38][%mdl 8192] [#]} (24... e4 $11) 25. Rg3+ Kh7 26. Bg5+ {[%emt 0:01:03] Weighted Error Value: White=0.04 (flawless) /Black=0.55} 1-0

[Event "Austrian Championship 2022"]
[Site "Vienna"]
[Date "2022.08.15"]
[Round "5.12"]
[White "Balinov, Ilia"]
[Black "Pilshofer, Paul"]
[Result "1-0"]
[ECO "A15"]
[WhiteElo "2419"]
[BlackElo "2223"]
[Annotator "TA"]
[PlyCount "85"]
[EventDate "2022.08.12"]
[EventType "swiss"]
[EventCountry "AUT"]
[SourceTitle "playchess.com"]
[Source "ChessBase"]
[SourceQuality "1"]
[TimeControl "40/5400+30:1800+30"]

1. c4 Nf6 2. g3 d5 3. cxd5 Nxd5 4. Bg2 g6 5. Qa4+ Nc6 6. Nc3 {[%emt 0:01:46] A15: English Opening: 1...Nf6.} e6 7. d3 Bg7 {[%emt 0:00:00] [#]} 8. Bd2 $146 {[%emt 0:03:31] The position is equal.} ({Predecessor:} 8. Nxd5 exd5 9. Qb5 Qe7 10. Bxd5 O-O 11. Kf1 Nd4 12. Qa5 Qe5 13. Bf4 Qf5 14. e4 {0-1 (35) Degtyaryov,S (2260)-Goncharov,O ICCF email 2011}) 8... O-O 9. Nf3 Nb6 10. Qc2 e5 11. Ne4 Bg4 12. Bg5 (12. e3 {seems wilder.} f5 13. Nc5 e4 14. Nh4) 12... Qd7 13. Nc5 Qf5 (13... Qe8 $11) 14. Be3 Nb4 (14... Nd5 $11) 15. Qb3 $16 {[%emt 0:08:18] And now Nh4 would win.} Nc6 16. Rc1 Qc8 17. Ng5 {[%emt 0:02:09][%cal Oc5b7] Black must now prevent Nxb7!} Nd8 18. a4 {[%emt 0:03:47] 0x0.002364225212dp-1022s more active pieces.} h6 19. Nge4 Bh3 (19... c6 $14) 20. O-O (20. Bxh3 $1 $16 Qxh3 21. a5) 20... Bxg2 $14 21. Kxg2 Nc6 (21... Kh7 $14) 22. Kg1 ({Better is} 22. a5 $1 $16 ) 22... Rb8 23. Rfe1 Kh7 {[%emt 0:00:14] [#]} (23... Rd8 {feels hotter.} 24. Na6 Ra8 25. Rc5 Bf8) 24. Qa2 (24. Na6 $1 $14 bxa6 (24... Ra8 25. Bc5) 25. Rxc6) 24... f5 25. Nc3 (25. a5 $14 {stays ahead.}) 25... f4 $17 26. Bd2 $2 {[%emt 0:01:20] [#]} (26. Ne6 $17 {was forced.} fxe3 27. Nxf8+ Qxf8 28. fxe3) 26... Nd4 $2 ({Black should play} 26... Qh3 $1 $19 {( -> ...fxg3)} 27. Ne6 Rf5) 27. Nb5 $1 $36 {[%emt 0:00:02][%mdl 2048] Nxd4 is the strong threat. White has some pressure.} Nxe2+ 28. Rxe2 $16 {[%emt 0:00:04] Hoping for Ne6. White stays focused until the end.} f3 {[%emt 0:00:00] [#]} 29. Ne6 $1 (29. Nxa7 $2 Qh3) 29... c6 (29... Re8 $16 {was worth a try.}) 30. Nxf8+ $18 ({Less strong is} 30. Nxa7 Qd7 31. Re3 (31. Nxf8+ Rxf8 32. Re3 Qh3 $17) 31... Rf6 32. Nxg7 (32. Rxe5 Nd5 $15) 32... Qh3 33. Rxf3 Rxf3 $16) 30... Qxf8 {[%emt 0:00:17] [#]} 31. Re4 cxb5 32. Rc7 ({Resist} 32. axb5 Rd8 $18) 32... Rc8 33. Rf7 Qc5 (33... Qd6 $142 34. Rxf3 Nd5) 34. Rxf3 Qc2 {[%emt 0:00:15] [#]} (34... Rc7 $142 35. Rf7 Qd5) 35. Bxh6 $1 Kxh6 (35... Nc4 36. Bxg7) 36. Rh4+ Kg5 37. Qe6 {[%emt 0:00:18][%csl Gh4][%cal Re6g4] White mates.} Qd1+ 38. Kg2 Qxf3+ 39. Kxf3 Rf8+ 40. Kg2 Rf5 41. Rh7 Bf6 42. h4+ Kg4 43. f3# {[%emt 0:00:05] Weighted Error Value: White=0.30/Black=0.59} 1-0

[Event "Austrian Championship 2022"]
[Site "Vienna"]
[Date "2022.08.15"]
[Round "5.13"]
[White "Albadri Abd Al Sattar"]
[Black "Kristoferitsch, Daniel"]
[Result "0-1"]
[ECO "E38"]
[WhiteElo "2161"]
[BlackElo "2312"]
[Annotator "TA"]
[PlyCount "92"]
[EventDate "2022.08.12"]
[EventType "swiss"]
[EventCountry "AUT"]
[SourceTitle "playchess.com"]
[Source "ChessBase"]
[SourceQuality "1"]
[TimeControl "40/5400+30:1800+30"]

1. d4 Nf6 2. c4 e6 3. Nc3 Bb4 4. Qc2 c5 5. dxc5 Qc7 6. a3 Bxc5 7. Nf3 a6 {[%emt 0:00:09] E38: Nimzo-Indian: Classical: 4...c5.} 8. e3 Be7 9. Bd3 b6 {[%emt 0:00:31] White has an edge.} 10. O-O Bb7 11. e4 d6 12. h3 Nbd7 13. b4 Rc8 14. Bb2 {[%emt 0:02:37] [#]} Rg8 $146 ({Predecessor:} 14... O-O 15. Rac1 Rfe8 16. Ne2 Bf8 17. Qb1 Qb8 18. Ng3 g6 19. Rcd1 Qa8 20. Rfe1 e5 {0-1 (69) Varga,C (2342)-Farago,I (2531) Budapest 2007}) 15. Qe2 g5 16. Rac1 h5 {[%emt 0:04:16] [#]} 17. Nd5 $1 exd5 18. cxd5 Qd8 19. Rxc8 Qxc8 20. e5 {[%emt 0:01:28] [#]} (20. Nd4 $11 {remains equal.}) 20... dxe5 ({Don't play} 20... Nxd5 21. exd6 Qc6 22. Bxa6 (22. dxe7 Nf4 $14) 22... Bxa6 23. Qxa6 $16) (20... Nxe5 $1 $17 21. Rc1 Qd7 22. Nxe5 dxe5 23. Qxe5 Kf8) 21. Rc1 $1 $11 Qd8 {[%emt 0:04:14] ...g4 is the strong threat.} 22. d6 $2 {[%emt 0:15:48][%mdl 8192] White is now going downhill.} (22. Bxa6 $11 Qa8 23. Bb5) 22... Bxd6 $19 23. Nxe5 Nxe5 24. Bxe5 Kf8 {[%emt 0:00:15] Strongly threatening ...Bxe5.} 25. Bxa6 Bxe5 26. Bxb7 {[%emt 0:00:16] aiming for Rc8.} Qe7 {[%emt 0:01:34] White must now prevent ...Bh2+.} 27. Bf3 Bd6 28. Bxh5 Qxe2 29. Bxe2 Ke7 30. Rc6 Rb8 31. Bc4 Nd7 32. Bd5 Ne5 33. Rc3 Rd8 {[%emt 0:02:15][%cal Od6b4] And now ...Bxb4! would win.} 34. Re3 Kf6 {[%emt 0:00:51][%cal Od6b4] Hoping for ...Bxb4!} 35. Be4 Bb8 {[%emt 0:02:01] ( -> ...Rd1+)} 36. g3 Rd4 37. Bh7 Bd6 38. Kg2 Ke6 39. g4 (39. Re4 {is a better defense.} Rxe4 40. Bxe4) 39... Kd5 40. Bf5 Nc4 41. Rc3 Rd2 42. Bh7 Kd4 43. Rf3 Bf4 {[%emt 0:00:17] Threatens to win with ...Ne3+. Black is clearly winning.} 44. Kf1 Ne5 45. Rb3 Kc4 46. Rb1 Ra2 {[%emt 0:00:29] Weighted Error Value: White=0.33/Black=0.09 (flawless)} 0-1